 Dungeon Crawl Stone Soup version 0.22-a0-278-g8f80174 (console) character file.

13495 Duffy the Thaumaturge (level 11, -3/96 HPs)
             Began as a Deep Elf Fire Elementalist on Mar 16, 2018.
             Was the Champion of Cheibriados.
             Slain by Salmacis's ghost (4 damage)
             ... on level 11 of the Dungeon.
             The game lasted 00:24:28 (14396 turns).

Duffy the Thaumaturge (Deep Elf Fire Elementalist) Turns: 14396, Time: 00:24:29

Health: -3/96      AC: 25    Str: 20    XL:     11   Next: 76%
Magic:  1/36       EV:  2    Int: 39    God:    Cheibriados [******]
Gold:   610        SH:  0    Dex: 30    Spells: 12/30 levels left

rFire    . . .     SeeInvis .   A - +0 spear (pain)
rCold    . . .     Gourm    .   (no shield)
rNeg     + + +     Faith    .   (armour currently unavailable)
rPois    +         Spirit   .   (helmet currently unavailable)
rElec    .         Reflect  .   (cloak currently unavailable)
rCorr    .         Harm     .   (gloves currently unavailable)
MR       +....     NoTele   +   (boots currently unavailable)
Stlth    +++.......             (no amulet)
HPRegen  0.26/turn              F - ring of positive energy
MPRegen  0.25/turn              V - ring of magical power

@: tree-form, very slow
A: no striking features
a: Bend Time, Temporal Distortion, Slouch, Step From Time, Renounce Religion


You were on level 11 of the Dungeon.
You worshipped Cheibriados.
Cheibriados was exalted by your worship.
You were not hungry.
You were a tree.
You visited 1 branch of the dungeon, and saw 11 of its levels.

You collected 610 gold pieces.

Inventory:

Hand Weapons
 a - a +3 spear
 m - a +0 blowgun
 s - a +0 trident of venom
 A - a +0 spear of pain (weapon)
Missiles
 y - 5 throwing nets (quivered)
 T - 4 curare-tipped needles
Armour
 j - a +2 pair of boots (melded)
 p - a +2 pair of gloves (melded)
 w - a +0 buckler
 C - the +3 ring mail "Inuzanoho" (melded) {Dex+3}
   (You found it on level 6 of the Dungeon)

   It affects your dexterity (+3).
 D - a +2 robe of magic resistance
 I - a +2 robe of cold resistance
 S - a +1 ring mail of cold resistance
Jewellery
 r - an uncursed ring of wizardry
 F - a ring of positive energy (left branch)
 G - an uncursed ring of see invisible
 K - an uncursed ring of ice
 P - an uncursed ring of protection from cold
 V - a ring of magical power (right branch)
Wands
 i - a wand of clouds (2)
 J - a wand of acid (2)
 L - a wand of flame (29)
 M - a wand of digging (3)
 N - a wand of enslavement (12)
 O - a wand of polymorph (7)
 U - a wand of iceblast (5)
Scrolls
 b - 2 scrolls of teleportation
 d - a scroll of magic mapping {unknown}
 e - 3 scrolls of fog
 f - a scroll of immolation
 h - a scroll of amnesia
 o - 3 scrolls of enchant armour
 t - 8 scrolls of remove curse
 v - a scroll of blinking
 H - a scroll of torment {unknown}
Potions
 g - a potion of resistance
 k - 3 potions of heal wounds
 l - a potion of brilliance
 n - 2 potions of might {unknown}
 q - 3 potions of curing
 u - 2 potions of berserk rage
 x - 2 potions of magic {unknown}
 z - a potion of lignification
 B - 2 potions of ambrosia {unknown}
 E - 2 potions of flight {unknown}
 R - a potion of agility {unknown}
Miscellaneous
 Q - a phantom mirror
Comestibles
 c - 26 rations


   Skills:
 + Level 6.1 Fighting
 + Level 9.2 Dodging
 - Level 2.4 Stealth
 - Level 10.0 Spellcasting
 - Level 8.4 Conjurations
 - Level 3.1 Charms
 - Level 5.0 Necromancy
 - Level 8.4 Fire Magic
 + Level 7.9 Invocations
 + Level 4.4 Evocations


You had 12 spell levels left.
You knew the following spells:

 Your Spells              Type           Power        Failure   Level  Hunger
a - Throw Flame           Conj/Fire      ######       1%          2    None
h - Flame Tongue          Conj/Fire      #####        1%          1    None
j - Sticky Flame          Conj/Fire      ######..     1%          4    None
k - Fireball              Conj/Fire      ######....   1%          5    #......
l - Conjure Flame         Conj/Fire      ######..     1%          3    None
r - Regeneration          Chrm/Necr      ######....   1%          3    None


Dungeon Overview and Level Annotations

Branches:
Dungeon (11/15)            Temple (0/1) D:5             Orc (0/2) D:10
   Lair: D:8-11

Altars:
Ashenzari
Cheibriados
Fedhas
Qazlal
Sif Muna
Uskayaw
Vehumet

Annotations:
D:3 exclusion: oklob plant
D:11 Salmacis's ghost, journeyman HOFi


Message History

Aiming: Fireball (safe; 1% risk of failure)
Press: ? - help, Shift-Dir - straight line, p - Salmacis's ghost The fireball explodes!
The fireball engulfs Salmacis's ghost.
Salmacis's ghost is heavily damaged.
Salmacis's ghost is engulfed in blazing flames.
Salmacis's ghost hits you!
Cast which spell? (? or * to list)
Aiming: Fireball (safe; 1% risk of failure)
Press: ? - help, Shift-Dir - straight line The fireball explodes!
The fireball engulfs Salmacis's ghost.
Salmacis's ghost is severely damaged.
Salmacis's ghost is engulfed in blazing flames.
Salmacis's ghost hits you!
Cast which spell? (? or * to list)
Aiming: Fireball (safe; 1% risk of failure)
Press: ? - help, Shift-Dir - straight line The fireball explodes!
The fireball engulfs Salmacis's ghost.
Salmacis's ghost is almost destroyed.
Salmacis's ghost hits you.
You die...

######+## #.......
#...... ####
####.....###..### .
........##7....)##....
#......W.##%....#
####....####....#
#.......## .......
#........# .......
#....##......##....
#.....###..### ....
#.......#### ...
########........... ..


You could see Salmacis's ghost.

Vanquished Creatures
  Harold (D:10)
  6 two-headed ogres
  Sonja (D:10)
  Joseph (D:7)
  The ghost of tidbits the Insei, a novice GnTm of Cheibriados (D:6)
  A komodo dragon (D:10)
  A hornet (D:11)
  Grinder (D:5)
  3 hippogriffs
  A spriggan (D:10)
  4 wyverns
  A water moccasin (D:10)
  Duvessa (D:6)
  2 orc warriors
  A swamp drake (D:10)
  A black bear (D:7)
  An eye of draining (D:8)
  A sky beast (D:8)
  6 ice beasts
  4 ogres
  8 centaurs
  A crocodile (D:10)
  4 bullfrogs
  Dowan (D:6)
  2 scorpions
  10 killer bees
  4 wights
  4 howler monkeys
  4 crimson imps
  A bullfrog zombie (D:11)
  2 centaur zombies
  3 hounds
  A quasit (D:9)
  3 bullfrog skeletons
  3 jellies
  3 centaur skeletons
  A gnoll shaman (D:10)
  6 orc priests
  10 orc wizards
  4 iguanas
  Ijyb (D:5)
  Terence (D:2)
  8 worker ants
  A killer bee zombie (D:6)
  2 hound zombies
  A hound skeleton (D:4)
  4 worker ant zombies
  14 gnolls
  12 adders
  2 shadow imps
  2 adder zombies
  3 adder skeletons
  2 worms
  3 dart slugs
  3 leopard geckos
  34 orcs
  A ball python (D:4)
  4 bats
  9 giant cockroaches
  4 goblins
  4 hobgoblins
  10 jackals
  6 kobolds
  5 quokkas
  5 frilled lizards
  3 rats
258 creatures vanquished.

Vanquished Creatures (others)
  2 plants (D:4)
2 creatures vanquished.

Grand Total: 260 creatures vanquished

Notes
Turn   | Place    | Note
-------+----------+-------------------------------------------
     0 | D:1      | Duffy the Deep Elf Fire Elementalist began the quest for the Orb.
     0 | D:1      | Reached XP level 1. HP: 10/10 MP: 6/6
   163 | D:1      | Found a snail-covered altar of Cheibriados.
   189 | D:1      | Became a worshipper of Cheibriados the Contemplative
   493 | D:1      | Reached XP level 2. HP: 15/15 MP: 6/8
  1295 | D:2      | Noticed Terence
  1357 | D:2      | Reached XP level 3. HP: 16/19 MP: 5/9
  1748 | D:2      | Learned a level 2 spell: Throw Flame
  1752 | D:2      | Learned a level 3 spell: Conjure Flame
  1858 | D:2      | Reached * piety under Cheibriados
  1858 | D:2      | Reached XP level 4. HP: 24/24 MP: 8/11
  1864 | D:2      | Learned a level 4 spell: Sticky Flame
  1989 | D:2      | Killed Terence
  2235 | D:2      | Reached skill level 4 in Spellcasting
  2315 | D:2      | Found a faded altar of an unknown god.
  2525 | D:2      | Reached XP level 5. HP: 26/28 MP: 7/13
  2961 | D:3      | Found a blossoming altar of Fedhas.
  2979 | D:3      | Noticed an oklob plant
  3544 | D:3      | Reached ** piety under Cheibriados
  4236 | D:4      | Reached skill level 5 in Spellcasting
  4236 | D:4      | Reached XP level 6. HP: 28/32 MP: 9/15
  4337 | D:4      | Learned a level 5 spell: Fireball
  4364 | D:4      | Reached skill level 5 in Conjurations
  4364 | D:4      | Reached skill level 5 in Fire Magic
  4564 | D:4      | Found a shattered altar of Ashenzari.
  4568 | D:4      | Saw a vision of the Swamp and the Snake Pit.
  4568 | D:4      | Noticed a swamp drake
  4568 | D:4      | Noticed a naga warrior
  4568 | D:4      | Noticed a mana viper
  4568 | D:4      | Noticed a naga
  4568 | D:4      | Noticed a naga warrior
  4568 | D:4      | Noticed a naga warrior
  4568 | D:4      | Noticed an alligator
  4568 | D:4      | Noticed an alligator
  4569 | D:4      | Noticed a naga
  4569 | D:4      | Noticed a black mamba
  4570 | D:4      | Noticed a black mamba
  4602 | D:4      | Found a radiant altar of Vehumet.
  4739 | D:5      | Entered Level 5 of the Dungeon
  4754 | D:5      | Found a staircase to the Ecumenical Temple.
  4767 | D:5      | Noticed Grinder
  4772 | D:5      | Killed Grinder
  4772 | D:5      | Reached XP level 7. HP: 25/40 MP: 10/16
  5337 | D:5      | Found a hide-covered altar of Uskayaw.
  5528 | D:5      | Reached *** piety under Cheibriados
  5565 | D:5      | Found a deep blue altar of Sif Muna.
  5632 | D:5      | Noticed Ijyb
  6168 | D:5      | Reached XP level 8. HP: 48/48 MP: 5/17
  6169 | D:5      | Reached skill level 5 in Dodging
  6362 | D:5      | Killed Ijyb
  6529 | D:6      | Got a transparent ring mail
  6540 | D:6      | Identified the +3 ring mail "Inuzanoho" {Dex+3} (You found it on level 6 of the Dungeon)
  6693 | D:6      | Reached skill level 5 in Fighting
  6794 | D:6      | Noticed tidbits's ghost (novice GnTm)
  6827 | D:6      | Killed tidbits's ghost
  7744 | D:6      | Found a stormy altar of Qazlal.
  7745 | D:6      | Noticed an air elemental
  7766 | D:6      | Learned a level 3 spell: Regeneration
  7867 | D:6      | Noticed Dowan
  7923 | D:6      | Noticed Duvessa
  7944 | D:6      | Killed Dowan
  8014 | D:6      | Killed Duvessa
  8014 | D:6      | Reached skill level 6 in Spellcasting
  8014 | D:6      | Reached XP level 9. HP: 54/54 MP: 9/20
  8246 | D:6      | Reached **** piety under Cheibriados
  8521 | D:7      | Reached skill level 7 in Spellcasting
  9059 | D:7      | Noticed Joseph
  9077 | D:7      | Killed Joseph
  9077 | D:7      | Reached skill level 8 in Spellcasting
  9315 | D:8      | Noticed a two-headed ogre
  9319 | D:8      | Killed a two-headed ogre
  9325 | D:8      | Reached XP level 10. HP: 59/59 MP: 6/24
  9439 | D:8      | Noticed a two-headed ogre
  9443 | D:8      | Killed a two-headed ogre
  9443 | D:8      | Reached skill level 9 in Spellcasting
  9639 | D:8      | Reached ***** piety under Cheibriados
  9727 | D:8      | Reached skill level 1 in Invocations
 10059 | D:8      | Reached skill level 10 in Spellcasting
 10132 | D:8      | Reached skill level 1 in Charms
 10132 | D:8      | Reached skill level 1 in Necromancy
 11679 | D:9      | Reached skill level 5 in Invocations
 12303 | D:10     | Entered Level 10 of the Dungeon
 12388 | D:10     | Noticed a two-headed ogre
 12495 | D:10     | Reached skill level 5 in Necromancy
 12506 | D:10     | Killed a two-headed ogre
 12506 | D:10     | Reached XP level 11. HP: 63/63 MP: 9/27
 12635 | D:10     | Noticed a two-headed ogre
 12637 | D:10     | Killed a two-headed ogre
 12637 | D:10     | Reached skill level 1 in Evocations
 12771 | D:10     | Noticed Harold
 12776 | D:10     | Killed Harold
 13010 | D:10     | Noticed Sonja
 13014 | D:10     | Killed Sonja
 13594 | D:10     | Found a staircase to the Orcish Mines.
 13625 | D:10     | Noticed a two-headed ogre
 13628 | D:10     | Killed a two-headed ogre
 14195 | D:10     | Reached ****** piety under Cheibriados
 14380 | D:11     | Noticed a two-headed ogre
 14381 | D:11     | Killed a two-headed ogre
 14383 | D:11     | Noticed Salmacis's ghost (journeyman HOFi)
 14395 | D:11     | HP: 1/96 [Salmacis's ghost (12)]
 14396 | D:11     | Slain by Salmacis's ghost

Vault maps used:
D:1:      lemuel_arrival_muddy, cheibriados_altar_1
D:2:      chequers_ecumenical_altar_lobes, first_ration, dk_noncrumbling_4,
          minmay_misc_feat_room, uniq_terence
D:3:      tgw_fedhas
D:4:      lemuel_round_altar, grunt_ashenzari_visionary
D:5:      minmay_diamond_boxcup, eat_drink_and_be_merry_uskayaw, led_sif_pool,
          minmay_temple_entry_overgrown, uniq_grinder, uniq_ijyb
D:6:      nicolae_whirlpool, nicolae_qazlal_style_of_elements, uniq_duvessa
D:7:      uniq_joseph
D:10:     erik_orc_1, the_bakery, uniq_sonja, uniq_harold
D:11:     lair_entry_dummy, minmay_misc_feat_iff

Skill      XL: |  1  2  3  4  5  6  7  8  9 10 11 |
---------------+----------------------------------+-----
Conjurations   | 2 3 4 5 7 8 |  8.4
Spellcasting   | 4 5 6 8 10 | 10.0
Fire Magic     | 4 5 7 8 |  8.4
Fighting       | 2 4 5 6 |  6.1
Dodging        | 4 7 9 |  9.2
Invocations    | 6 7 |  7.9
Charms         | 3 |  3.1
Necromancy     | 5 |  5.0
Evocations     | 4 |  4.4
Stealth        | |  2.4

Action                   |  1- 3 |  4- 6 |  7- 9 | 10-12 || total
-------------------------+-------+-------+-------+-------++-------
Melee: Spear             |       |    26 |       |   179 ||   205
       Trident           |       |    13 |   146 |    47 ||   206
 Cast: Flame Tongue      |    49 |    60 |    98 |   120 ||   327
       Sticky Flame      |       |     5 |    24 |    41 ||    70
       Conjure Flame     |       |     1 |    12 |    14 ||    27
       Fireball          |       |       |     3 |    34 ||    37
       Throw Flame       |       |       |       |     3 ||     3
Evoke: Wand              |       |       |     1 |       ||     1
  Use: Scroll            |       |     7 |     7 |     2 ||    16
       Potion            |       |       |       |     1 ||     1
 Stab: Sleeping          |       |     1 |       |       ||     1
  Eat: Chunk             |     3 |     5 |     8 |     9 ||    25
Armor: Robe              |     2 |       |       |       ||     2
       Leather armour    |     1 |    16 |     8 |       ||    25
       Ring mail         |       |       |    60 |    90 ||   150
       Skin              |       |       |       |     3 ||     3
Dodge: Dodged            |    10 |    37 |   127 |   225 ||   399
Block: Buckler           |       |       |    50 |    49 ||    99

Table legend:
 A = Spawn XP
 B = Non-spawn XP
 C = Spawn XP percentage of total XP
 D = Spawn monster count
 E = Non-spawn monster count
 F = Spawn count percentage of total count
 G = Total turns spent on level
                    A         B        C        D         E        F      G
               +---------+---------+-------+---------+---------+-------+---------
         Total |       0 |   19279 |   0.0 |       0 |     258 |   0.0 | 14396
               +---------+---------+-------+---------+---------+-------+---------
           D:1 |       0 |      20 |   0.0 |       0 |      10 |   0.0 |  1044
           D:2 |       0 |     196 |   0.0 |       0 |      31 |   0.0 |  1688
           D:3 |       0 |      37 |   0.0 |       0 |      12 |   0.0 |  1252
           D:4 |       0 |     281 |   0.0 |       0 |      13 |   0.0 |   755
           D:5 |       0 |    1058 |   0.0 |       0 |      31 |   0.0 |  1856
           D:6 |       0 |    1873 |   0.0 |       0 |      31 |   0.0 |  1914
           D:7 |       0 |    1113 |   0.0 |       0 |      17 |   0.0 |  1069
           D:8 |       0 |    4235 |   0.0 |       0 |      32 |   0.0 |  1496
           D:9 |       0 |    1682 |   0.0 |       0 |      29 |   0.0 |  1533
          D:10 |       0 |    7455 |   0.0 |       0 |      47 |   0.0 |  1675
          D:11 |       0 |    1329 |   0.0 |       0 |       5 |   0.0 |   114
               +---------+---------+-------+---------+---------+-------+---------
